 Dungeon Crawl Stone Soup version 0.29-a0-330-g52719c12eb (webtiles) character file.

Game seed: 15907045869854111761

272 kae the Firebug (level 5, -5/41 HPs)
             Began as a Demigod Fire Elementalist on May 9, 2022.
             Slain by a gnoll
             ... wielding a +0 flail
              (11 damage)
             ... on level 3 of the Dungeon.
             The game lasted 00:02:28 (5167 turns).

kae the Firebug (Demigod Fire Elementalist)         Turns: 5167, Time: 00:02:29

Health: -5/41      AC:  6    Str:  8 (9)  XL:     5   Next: 71%
Magic:  8/12       EV: 12    Int: 20 (21) God:
Gold:   110        SH:  5    Dex: 13 (14) Spells: 6/9 levels left

rFire   . . .      SeeInvis .   j - +1 mace (vorpal)
rCold   . . .      Faith    .   (no shield)
rNeg    . . .      Spirit   .   a - +0 robe
rPois   .          Reflect  +   r - +0 helmet
rElec   .          Harm     .   q - +0 cloak
rCorr   +          Rampage  .   d - +1 pair of gloves
Will    .....                   (no boots)
Stlth   ++........              l - amulet of reflection
HPRegen 0.13/turn               k - ring of resist corrosion
MPRegen 0.13/turn               (no ring)

@: no status effects
A: high MP 1, forlorn, divine attributes
a: no special abilities


You were on level 3 of the Dungeon.
You visited 1 branch of the dungeon, and saw 4 of its levels.

You collected 110 gold pieces.

Inventory:

Hand Weapons
 c - a +0 mace
 j - a +1 vorpal mace (weapon)
Armour
 a - a +0 robe (worn)
 d - a +1 pair of gloves (worn)
 q - a +0 cloak (worn)
 r - a +0 helmet (worn)
Jewellery
 k - a ring of resist corrosion (left hand)
 l - an amulet of reflection (around neck)
Scrolls
 e - 3 scrolls of vulnerability
 g - 5 scrolls of identify
 h - 2 scrolls of amnesia
 m - a scroll of magic mapping {unknown}
Potions
 b - 2 potions of magic
 f - a potion of might
 i - a potion of cancellation {unknown}
 n - 2 potions of heal wounds {unknown}
 o - a potion of flight
 p - a potion of attraction {unknown}


   Skills:
 + Level 1.9 Fighting
 + Level 2.7 Dodging
 - Level 1.7 Stealth
 + Level 2.7 Spellcasting
 + Level 2.3 Conjurations
 * Level 4.1 Fire Magic


You had 6 spell levels left.
You knew the following spells:

 Your Spells              Type           Power      Damage    Failure   Level
a - Foxfire               Conj/Fire      60%        2x1d7     3%          1
b - Scorch                Fire           38%        2d7       4%          2

Your spell library contained the following spells:

 Spells                   Type           Power      Damage    Failure   Level
 Conjure Flame            Conj/Fire      15%        6-21      12%         3
 Inner Flame              Hex/Fire       11%        N/A       19%         3
 Ensorcelled Hibernation  Hex/Ice        4%         N/A       22%         2
 Passwall                 Tmut/Erth      1%         N/A       22%         2
 Flame Wave               Conj/Fire      15%        2d6       36%         4
 Swiftness                Air            2%         N/A       41%         3


Dungeon Overview and Level Annotations

Branches:
Dungeon (4/15)
 Temple: D:4-7


Innate Abilities, Weirdness & Mutations

You have an increased reservoir of magic. (+10% MP)
You shall have no god before yourself.
Your divine heritage dramatically boosts your attributes as you level up.


Message History

Confirm with . or Enter, or press ? or * to list all spells.
Flames lash the gnoll.
The gnoll is burned terribly!
The gnoll is moderately wounded.
The gnoll hits you with a +0 whip. The gnoll closely misses you.
Casting: Scorch (safe; 4% risk of failure)
Confirm with . or Enter, or press ? or * to list all spells.
Flames lash the gnoll.
The gnoll is burned terribly!
You kill the gnoll!
You feel your strength returning.
Casting: Scorch (safe; 4% risk of failure)
Confirm with . or Enter, or press ? or * to list all spells.
You can't see any susceptible monsters within range! (Use Z to cast anyway.)
You start resting.
HP restored.
Magic restored.
You climb downwards.
The gnoll hits you with a +0 club. The gnoll closely misses you.
The orc closely misses you.
There is a stone staircase leading up here.
The gnoll hits you with a +0 club. The gnoll barely misses you.
The orc closely misses you.
You climb upwards.
There is a stone staircase leading down here.
Casting: Scorch (safe; 4% risk of failure)
Confirm with . or Enter, or press ? or * to list all spells.
Flames lash the gnoll.
The gnoll is severely wounded.
The gnoll's fire resistance burns away.
The gnoll hits you with a +0 flail! The orc closely misses you.
The gnoll hits you with a +0 club! The gnoll hits you with a +0 flail!
* * * LOW HITPOINT WARNING * * *
The orc closely misses you. The gnoll barely misses you.
Casting: Scorch (safe; 4% risk of failure)
Confirm with . or Enter, or press ? or * to list all spells.
Flames lash the gnoll.
The gnoll is burned terribly!
You kill the gnoll!
You block the gnoll's attack. The orc hits you with a +0 hand axe.
* * * LOW HITPOINT WARNING * * *
The gnoll hits you with a +0 flail!
You die...

.................#.....#.##...##.
...................#+###.##......
###.########.#.#.#.#...........#.
#§....# #.#.#.#.#..##.##......
#.....######.#...#.#.....###.###.
..._......##.##..#.#...#####.###.
#.....#.......................###
#○...§######.##o)#.#.............
###.#### #....g@........####....
.#...#.####..#####.#..##.........
.#.#.#....#..# #.#............#
.......####..# #.#.###.####....
##.#.#.####..#####.#.###.# #..##
#..........[..........#.# #..#
###.#######.#####.....#######.#
### #.# #.###.........# #<# #.#
###########


You could see a gnoll and an orc.

Vanquished Creatures
  2 jellies (D:2)
  An orc priest (D:2)
  An iguana (D:3)
  Jessica (D:2)
  2 gnolls (D:3)
  An adder (D:2)
  A white imp (D:3)
  2 worms (D:2)
  A dart slug (D:1)
  4 orcs
  10 bats
  14 endoplasms
  3 giant cockroaches (D:1)
  5 hobgoblins
  2 jackals (D:1)
  A quokka (D:2)
  6 ball pythons
  A frilled lizard (D:1)
  11 goblins
  8 kobolds
  2 rats
79 creatures vanquished.

Vanquished Creatures (others)
  A giant cockroach (D:3)
  250 foxfires
  3 fungi (D:2)
  10 toadstools (D:2)
264 creatures vanquished.

Grand Total: 343 creatures vanquished

Notes
Turn   | Place    | Note
-------+----------+-------------------------------------------
     0 | D:1      | kae the Demigod Fire Elementalist began the quest for the
                  | Orb.
     0 | D:1      | Reached XP level 1. HP: 14/14 MP: 5/5
    81 | D:1      | Reached skill level 1 in Conjurations
   274 | D:1      | Reached XP level 2. HP: 22/22 MP: 4/7
   344 | D:1      | Learned a level 2 spell: Scorch
   430 | D:1      | Reached skill level 3 in Fire Magic
  1189 | D:2      | Reached XP level 3. HP: 18/27 MP: 3/8
  1729 | D:2      | Noticed Jessica
  1738 | D:2      | Killed Jessica
  1739 | D:2      | Reached skill level 1 in Fighting
  1896 | D:2      | Noticed a shining eye
  1901 | D:2      | Noticed a shining eye
  1901 | D:2      | Noticed a great orb of eyes
  1901 | D:2      | Noticed a shining eye
  2316 | D:2      | Reached XP level 4. HP: 8/35 MP: 1/10
  3135 | D:2      | Reached XP level 5. HP: 40/40 MP: 7/11
  3833 | D:3      | Reached skill level 4 in Fire Magic
  5167 | D:3      | Slain by a gnoll

Illustrated notes

Levels and vault maps discovered:
D:1:      ncdulo_wetmaze, layout_basic, nicolae_concentric_dashed_squares_wild
D:2:      cheibrodos_fertilizer, layout_loops_corners,
          hellmonk_ecumenical_altar_watching_god, uniq_jessica
D:3:      layout_basic, nicolae_kikubaaqudgha_miasma_corner,
          serial_co_window_serial, co_window_paths_a, co_window_paths_a,
          co_window_corner_a, co_window_paths_a, co_window_paths_a,
          co_window_paths_b, co_window_cross_1, co_window_broadway_c,
          co_window_cross_2, co_window_2corner, co_window_broadway_c,
          co_window_paths_d
D:4:      layout_rooms

Skill      XL: |  1  2  3  4  5 |
---------------+----------------+-----
Conjurations   | 1 2 |  2.3
Fire Magic     | 3 4 |  4.1
Dodging        | 2 |  2.7
Spellcasting   | 2 |  2.7
Fighting       | 1 |  1.9
Stealth        | |  1.7

Action                   |  1- 3 |  4- 6 || total
-------------------------+-------+-------++-------
Melee: Mace              |     9 |     7 ||    16
 Cast: Foxfire           |    78 |    75 ||   153
       Scorch            |     2 |    17 ||    19
  Use: Scroll            |     5 |     1 ||     6
       Potion            |       |     4 ||     4
Armor: Robe              |     7 |     8 ||    15
Dodge: Dodged            |    29 |    27 ||    56
Block: Other             |       |    10 ||    10

Table legend: (Time is in decaauts)
 A = Elapsed time spent in this place.
 B = Non-inter-level travel time spent in this place.
 C = Inter-level travel time spent in this place.
 D = Time resting spent in this place.
 E = Time spent auto-exploring this place.
 F = Levels seen in this place.
 G = Mean time per level.
                   A        B        C        D        E       F      G
               +--------+--------+--------+--------+--------+-----+--------+
         Total |   5170 |   4841 |    329 |    109 |   4122 |   4 | 1292.5 |
       Dungeon |   5170 |   4841 |    329 |    109 |   4122 |   4 | 1292.5 |
               +--------+--------+--------+--------+--------+-----+--------+

Top non-repeatable levels by time:
     D:2: 2352 daAuts
     D:3: 1664 daAuts
     D:1: 1107 daAuts
     D:4: 46 daAuts
